 Dungeon Crawl Stone Soup version 0.17-a0-1951-g62301d3 (webtiles) character file.

526 brucemayne the Cleaver (level 7, 0/85 HPs)
             Began as a Hill Orc Berserker on Oct 2, 2015.
             Was a Believer of Trog.
             Slain by an orc warrior
             ... wielding a +0 trident
              (18 damage)
             ... on level 6 of the Dungeon.
             The game lasted 00:07:23 (1437 turns).

brucemayne the Cleaver (Hill Orc Berserker)         Turns: 1437, Time: 00:07:24

Health: 0/85       AC:  5    Str: 27    XL:     7   Next: 23%
Magic:  7/7        EV: 11    Int:  4    God:    Trog [**....]
Gold:   320        SH:  0    Dex: 10    Spells: 0 memorised, 6 levels left

rFire  . . .     SeeInvis .     o - +1 hand axe (elec)
rCold  . . .     Clarity  .     j - +0 ring mail
rNeg   . . .     SustAt   .     (no shield)
rPois  .         Gourm    .     (no helmet)
rElec  .         Spirit   .     (no cloak)
rCorr  .         Warding  .     (no gloves)
rMut   .         Stasis   .     (no boots)
MR     .....                    (no amulet)
Stlth  ..........               (no ring)
                                q - -3 ring of intelligence (curse)

@: berserking, very quick, not resistant to hostile enchantments, extremely
unstealthy
A: no striking features
a: Burn Spellbooks, Berserk, Trog's Hand, Renounce Religion


You were on level 6 of the Dungeon.
You worshipped Trog.
Trog was pleased with you.
You were not hungry.

You visited 1 branch of the dungeon, and saw 6 of its levels.
You also visited: Ossuary.

You collected 320 gold pieces.

Inventory:

Hand weapons
 a - a +1 hand axe
 n - a +2 short sword of venom
 o - a +1 hand axe of electrocution (weapon)
Armour
 b - a +0 animal skin
 j - a +0 ring mail (worn)
Jewellery
 e - a +2 ring of intelligence
 q - a cursed -3 ring of intelligence (left hand)
Scrolls
 g - 2 scrolls of teleportation
 k - 5 scrolls of identify {unknown}
 r - a scroll of magic mapping {unknown}
 s - 2 scrolls of remove curse {unknown}
Potions
 f - 2 potions of poison {unknown}
 h - a potion of resistance {unknown}
 l - 2 potions of agility {unknown}
 m - 2 potions of curing {unknown}
 p - 2 potions of mutation {unknown}
 t - a potion of lignification {unknown}
 u - a potion of brilliance {unknown}
 v - a potion of cancellation {unknown}
Comestibles
 c - 2 bread rations
 d - a slice of pizza
 i - a meat ration
 w - a chunk of flesh


   Skills:
 - Level 3.6 Fighting
 + Level 10.4 Axes
 - Level 2.1 Armour
 - Level 1.5 Dodging


You had 6 spell levels left.
You didn't know any spells.

Dungeon Overview and Level Annotations

Branches:
Dungeon (6/15)
 Temple: D:4-7

Altars:

Shops:
D:4 =


Message History

You continue eating. x2
You feel sick.
You feel sick.
You are no longer poisoned.
You open the door.
There is an open door here.
The orc warrior shouts!
The orc warrior hits you with a trident!!
You barely miss the orc warrior. You closely miss the orc warrior.
The orc warrior hits you with a trident!!
* * * LOW HITPOINT WARNING * * *
Drink which item? (? for menu, Esc to quit)
Okay, then.
Use which ability?
A red film seems to cover your vision as you go berserk!
You feel yourself moving faster!
You feel mighty!
You feel somewhat more hungry.
The orc warrior hits you with a trident!!
You die...

###'#.###.##########..
#.#.# #.# +.. #.#.#
#.# #.. #.#.# #.# #..
#.#.# #.. #.. #.#.#
### #.. #.#.# ###
..#o# #@# #.#
#.################
#.................
##################


You could see an orc warrior.

Vanquished Creatures
  An ogre (D:6)
  A scorpion (D:6)
  A giant frog zombie (D:6)
  A hound (D:4)
  An iguana (D:6)
  2 worker ants
  A big kobold zombie (Ossuary)
  A hound zombie (D:6)
  9 mummies
  5 adders
  A shadow imp (D:6)
  An adder skeleton (D:3)
  4 giant geckos
  7 orcs
  3 hobgoblins
  4 jackals (D:4)
  A quokka (D:5)
  A giant cockroach (D:3)
  2 giant newts
  2 gnoll zombies (Ossuary)
  2 goblins (D:3)
  2 hobgoblin zombies (Ossuary)
  A kobold (D:3)
  3 kobold zombies
  2 orc zombies
  6 rats
65 creatures vanquished.

Notes
Turn   | Place    | Note
--------------------------------------------------------------
     0 | D:1      | brucemayne the Hill Orc Berserker began the quest for the Orb.
     0 | D:1      | Reached XP level 1. HP: 19/19 MP: 1/1
   120 | D:2      | Reached XP level 2. HP: 25/26 MP: 2/2
   121 | D:2      | Reached skill level 5 in Axes
   194 | D:3      | Reached XP level 3. HP: 23/31 MP: 3/3
   274 | D:4      | Reached skill level 6 in Axes
   274 | D:4      | Reached XP level 4. HP: 16/39 MP: 4/4
   445 | D:4      | Found Quitayh's Jewellery Shop.
   508 | D:4      | Reached skill level 7 in Axes
   573 | D:4      | Acquired Trog's second power
   655 | D:4      | Reached XP level 5. HP: 30/45 MP: 5/5
   777 | D:5      | Entered Level 5 of the Dungeon
   862 | D:6      | Noticed an orc warrior
   924 | D:6      | Reached skill level 8 in Axes
  1005 | D:6      | Reached XP level 6. HP: 39/51 MP: 6/6
  1016 | D:6      | Noticed an ogre
  1028 | D:6      | Killed an ogre
  1028 | D:6      | Reached skill level 9 in Axes
  1119 | D:6      | Found a sand-covered staircase.
  1128 | Ossuary  | Entered an ossuary
  1171 | Ossuary  | Reached skill level 10 in Axes
  1171 | Ossuary  | Reached XP level 7. HP: 57/57 MP: 7/7
  1437 | D:6      | Slain by an orc warrior

Vault maps used:
D:1:      minmay_arrival_doors
D:2:      nrook_uturn
D:3:      amethyst_overflow_temple_binary, serial_bayou, serial_bayou_lagoon_a,
          serial_bayou_shore_b, serial_bayou_pond_b, serial_bayou_lake_a,
          gup_sewer_entry_glass, grunt_ministairs_9, uniq_iyjb
D:4:      old_standard_altar, serial_shops, shop_fountains, first_bread
D:5:      lemuel_upstairs_altar, temple_statues, serial_shops,
          nicolae_shop_overgrown_old_shop, grunt_ministairs_4, minivault_27
D:6:      wad_crossroads, lemuel_coloured_pillars_altar,
          nicolae_ossuary_entry_giza, hangedman_abyss_or_decor_stabs,
          uniq_menkaure
Ossuary:  ossuary_tomb_3

Action                   |  1- 3 |  4- 6 |  7- 9 || total
-------------------------+-------+-------+-------++-------
Melee: Hand axe          |    44 |   102 |    25 ||   171
Invok: Berserk           |     3 |     7 |     1 ||    11
       Trog's Hand       |       |     2 |       ||     2
  Use: Scroll            |       |     6 |       ||     6
  Eat: Chunk             |       |    10 |     1 ||    11
       Pizza             |       |       |     1 ||     1
